 Dungeon Crawl Stone Soup version 0.29.1-12-g30fa7ad0bf (webtiles) character file.

Game seed: 17722659802558082813

130 Oxelix the Magician (level 4, 0/24 HPs)
             Began as a Deep Elf Fire Elementalist on Jan 3, 2023.
             Slain by a gnoll
             ... wielding a +0 club
              (5 damage)
             ... on level 3 of the Dungeon.
             The game lasted 00:13:29 (3034 turns).

Oxelix the Magician (Deep Elf Fire Elementalist)    Turns: 3034, Time: 00:13:29

Health: 0/24       AC:  2    Str:  5    XL:     4   Next: 89%
Magic:  2/12       EV: 12    Int: 22    God:
Gold:   74         SH:  0    Dex: 15    Spells: 7/11 levels left

rFire   . . .      SeeInvis .   e - +2 whip (holy)
rCold   . . .      Faith    .   (no shield)
rNeg    . . .      Spirit   .   a - +0 robe
rPois   .          Reflect  .   (no helmet)
rElec   .          Harm     .   (no cloak)
rCorr   .          Rampage  .   (no gloves)
Will    .....                   (no boots)
Stlth   ++........              (no amulet)
HPRegen 0.08/turn               (no ring)
MPRegen 0.13/turn               (no ring)

@: lethally poisoned (0 -> -2)
A: no striking features
a: no special abilities


You were on level 3 of the Dungeon.
You visited 1 branch of the dungeon, and saw 3 of its levels.

You collected 74 gold pieces.

Inventory:

Hand Weapons
 e - a +2 whip of holy wrath (weapon)
Missiles
 j - 22 stones (quivered)
Armour
 a - a +0 robe (worn)
Wands
 p - a wand of roots (9)
Scrolls
 k - 2 scrolls of silence {unknown}
 n - 2 scrolls of teleportation {unknown}
 o - a scroll of fear {unknown}
 q - a scroll of fog {unknown}
Potions
 b - a potion of magic
 c - 4 potions of might {unknown}
 d - a potion of cancellation {unknown}
 f - 2 potions of curing {unknown}
 g - 3 potions of attraction {unknown}
 h - a potion of invisibility {unknown}
 i - 2 potions of lignification {unknown}
 l - a potion of mutation {unknown}


   Skills:
 - Level 2.4 Dodging
 - Level 2.4 Stealth
 + Level 4.2 Spellcasting
 * Level 3.8 Conjurations
 + Level 4.2 Fire Magic


You had 7 spell levels left.
You knew the following spells:

 Your Spells              Type           Power      Damage    Failure   Level
a - Foxfire               Conj/Fire      88%        2x1d8     2%          1
b - Inner Flame           Hex/Fire       13%        N/A       14%         3

Your spell library contained the following spells:

 Spells                   Type           Power      Damage    Failure   Level
 Scorch                   Fire           46%        2d7       3%          2
 Conjure Flame            Conj/Fire      22%        6-21      6%          3
 Flame Wave               Conj/Fire      22%        2d8       22%         4


Dungeon Overview and Level Annotations

Branches:
Dungeon (3/15)

Altars:


Message History

You are poisoned.
Your magical contamination has completely faded away.
There's a creature in the doorway!
Casting: Foxfire (safe; 2% risk of failure)
Confirm with . or Enter, or press ? or * to list all spells.
You conjure some foxfire!
You feel sick.
The gnoll throws a poisoned dart.
The poisoned dart hits you.
You are more poisoned.
Casting: Foxfire (safe; 2% risk of failure)
Confirm with . or Enter, or press ? or * to list all spells.
You conjure some foxfire!
You feel sick.
The foxfire hits the gnoll.
The gnoll is almost dead.
The gnoll hits you with a +0 whip!
The foxfire hits the gnoll.
The gnoll is lightly wounded.
The foxfire hits the gnoll.
The gnoll is moderately wounded.
As you read the scroll labelled WILEXKIASUE, it crumbles to dust.
You hear a loud clanging noise!
It was a scroll of noise.
You feel sick.
The foxfire hits the gnoll.
You kill the gnoll!
The gnoll attacks as you move away! The gnoll barely misses you.
You feel sick.
Casting: Foxfire (safe; 2% risk of failure)
Confirm with . or Enter, or press ? or * to list all spells.
You conjure some foxfire!
You feel sick. The gnoll closely misses you.
Casting: Foxfire (safe; 2% risk of failure)
Confirm with . or Enter, or press ? or * to list all spells.
You conjure some foxfire!
You feel sick.
The foxfire hits the gnoll.
The gnoll is heavily wounded.
The foxfire hits the gnoll but does no damage.
The gnoll is heavily wounded.
The gnoll barely misses you.
Casting: Foxfire (safe; 2% risk of failure)
Confirm with . or Enter, or press ? or * to list all spells.
You conjure some foxfire!
You feel sick.
The foxfire hits the gnoll but does no damage.
The gnoll is heavily wounded.
The foxfire hits the gnoll.
The gnoll is severely wounded.
The gnoll hits you with a +0 club.
You die...

.#.# #.# .# .#.# #.#
#.# .#.###.##### #.#
.#.#.......# #.#
.#.§.......# #.#
...........# ##.####
...........###.....#
.....#+#.....'.vv..#
.#'### #.#####..@..#
.#.# #†.......g..#
.... .##########'###
.....
.....###......#
.....
.##.....?.....#
....#
.>[...........# .##.
.#............# .#
#......###+###
#.......


You could see a gnoll (ally target).

Vanquished Creatures
  8 gnolls
  2 dart slugs
  4 ball pythons (D:1)
  2 endoplasms (D:1)
  A giant cockroach (D:2)
  5 goblins
  4 hobgoblins (D:1)
  2 jackals (D:2)
  7 kobolds
  3 quokkas (D:2)
  6 bats
  A frilled lizard (D:1)
  5 rats
50 creatures vanquished.

Vanquished Creatures (others)
  165 foxfires
165 creatures vanquished.

Grand Total: 215 creatures vanquished

Notes
Turn   | Place    | Note
-------+----------+-------------------------------------------
     0 | D:1      | Oxelix the Deep Elf Fire Elementalist began the quest for
                  | the Orb.
     0 | D:1      | Reached XP level 1. HP: 10/10 MP: 6/6
   221 | D:1      | Reached XP level 2. HP: 15/15 MP: 6/8
   328 | D:1      | Found a faded altar of an unknown god.
   900 | D:1      | Reached XP level 3. HP: 19/19 MP: 7/10
   904 | D:1      | Learned a level 3 spell: Inner Flame
  1045 | D:1      | ee
  2680 | D:3      | Reached XP level 4. HP: 24/24 MP: 3/11
  3034 | D:3      | Slain by a gnoll

Illustrated notes

# #.# #.. #.....# #....
#####.#.#.##. #######
#.### ..........# ..##
#.# # .....!.........
...# #.###
.......(..#######..#
#....
....)...........#..###
#....
...........#..#.#....#
##....
...........#.........#
#....<
.......[...#.#@.##..!.#
##....
...........#...## ###.#
#.... #.##(.##### #
####... #.........#
.######
####......#####.#.....
#..............####
#.....###......##. #
........ #...[..##..###
........ #......##.....


Turn 1045 on D:1: ee

Levels and vault maps discovered:
D:1:      dpeg_arrival_orchard, layout_basic,
          hellmonk_ecumenical_altar_inner_sanctum
D:2:      layout_loops_ring
D:3:      layout_basic, tgw_sif

Skill      XL: |  1  2  3  4 |
---------------+-------------+-----
Conjurations   | 2 3 |  3.8
Spellcasting   | 4 |  4.2
Fire Magic     | 4 |  4.2
Dodging        | |  2.4
Stealth        | |  2.4

Action                   |  1- 3 |  4- 6 || total
-------------------------+-------+-------++-------
Melee: Whip              |     3 |       ||     3
 Cast: Foxfire           |    81 |    19 ||   100
       Inner Flame       |     2 |     3 ||     5
  Use: Scroll            |       |     1 ||     1
 Stab: Sleeping          |     1 |       ||     1
Armor: Robe              |     3 |       ||     3
Dodge: Dodged            |     4 |     7 ||    11
